 Dungeon Crawl Stone Soup version 0.28.0 (webtiles) character file.

Game seed: 11815950544387369734

634 spaghetti the Skirmisher (level 7, -2/79 HPs)
             Began as an Ogre Delver on Feb 18, 2022.
             Succumbed to a scorpion's poison
             ... on level 5 of the Dungeon.
             The game lasted 00:06:14 (4266 turns).

spaghetti the Skirmisher (Ogre Delver)              Turns: 4266, Time: 00:06:14

Health: -2/79      AC:  3    Str: 19    XL:     7   Next: 49%
Magic:  7/7        EV: 10    Int: 11    God:
Gold:   144        SH:  0    Dex: 10    Spells: 6/6 levels left

rFire   . . .      SeeInvis .   a - +0 mace
rCold   . . .      Faith    .   (no shield)
rNeg    . . .      Spirit   .   b - +0 robe
rPois   .          Reflect  .   (helmet restricted)
rElec   .          Harm     .   (no cloak)
rCorr   .          Rampage  .   (gloves unavailable)
Will    .....                   (boots unavailable)
Stlth   ++........              (no amulet)
HPRegen 0.23/turn               (no ring)
MPRegen 0.10/turn               (no ring)

@: lethally poisoned (-2 -> -12)
A: large, unfitting armour, tough skin 1
a: no special abilities


You were on level 5 of the Dungeon.
You visited 1 branch of the dungeon, and saw 5 of its levels.

You collected 144 gold pieces.

Inventory:

Hand Weapons
 a - a +0 mace (weapon)
Missiles
 j - 56 stones (quivered)
Armour
 b - a +0 robe (worn)
Magical Staves
 d - a staff of cold
Wands
 g - a wand of digging (3)
Scrolls
 c - a scroll of fog
 k - a scroll of amnesia


   Skills:
 + Level 7.7 Fighting
 - Level 2.0 Maces & Flails
 + Level 4.4 Throwing
 + Level 3.6 Dodging
 - Level 3.8 Stealth


You had 6 spell levels left.
You didn't know any spells.
Your spell library was empty.

Dungeon Overview and Level Annotations

Branches:
Dungeon (6/15)
 Temple: D:4-7

Altars:

Annotations:
D:4 exclusion: door


Innate Abilities, Weirdness & Mutations

You are too large for most types of armour.
You have tough skin. (AC +1)


Message History

Throw: 3 large rocks
Press: ? - help, Shift-Dir - straight line, f/p - scorpion
Aim: a scorpion (62% to hit)
You throw a large rock. The large rock hits the scorpion!
The scorpion is heavily wounded.
Throw: 2 large rocks
Press: ? - help, Shift-Dir - straight line, f/p - scorpion
Aim: a scorpion (heavily wounded, 62% to hit)
You throw a large rock. The large rock hits the scorpion.
The scorpion is severely wounded.
The scorpion stings you but does no damage.
The scorpion stings you.
You are poisoned.
The scorpion poisons you!
You hit the scorpion but do no damage.
The scorpion is severely wounded.
You feel very sick. The scorpion barely misses you.
You barely miss the scorpion.
The scorpion is severely wounded.
You feel sick. The scorpion stings you!
You are more poisoned.
The scorpion poisons you! The scorpion stings you.
* * * LOW HITPOINT WARNING * * *
Throw: large rock
Press: ? - help, Shift-Dir - straight line, f/p - scorpion
Aim: a scorpion (severely wounded, 62% to hit)
You throw a large rock.
The large rock barely misses the scorpion.
* * * LOW HITPOINT WARNING * * *
You feel very sick. The scorpion stings you!
* * * LOW HITPOINT WARNING * * *
The scorpion stings you!
* * * LOW HITPOINT WARNING * * *
You aren't carrying any potions.
Okay, then.
You hit the scorpion but do no damage.
The scorpion is severely wounded.
You die...

...####.#.............
####.####.#.......(.....
##....#.....#..##........
##...........##.(.........
#................(........
#............##.<.........
#...........(##.(.........
##..............s.........
#.....#.....##.@....##...
#.###.##..####...#### ###
##.# #..#..# #...# ...#
####..## #...# .....#
#...# #.(.# .....# #...#
##### ..#.... ##### ..
..... ## ##...(.


You could see a scorpion.

Vanquished Creatures
  Sigmund (D:4)
  A black bear (D:4)
  A bullfrog (D:4)
  A gnoll sergeant (D:4)
  2 hounds
  Natasha (D:3)
  2 iguanas (D:4)
  5 adders
  3 gnolls (D:4)
  An ufetubus (D:4)
  An endoplasm (D:4)
  A giant cockroach (D:4)
  9 goblins (D:3)
  2 hobgoblins (D:3)
  2 ball pythons
  3 bats
  3 kobolds
39 creatures vanquished.

Vanquished Creatures (collateral kills)
  Robin (D:3)
  3 goblins (D:3)
  A rat (D:3)
5 creatures vanquished.

Grand Total: 44 creatures vanquished

Notes
Turn   | Place    | Note
-------+----------+-------------------------------------------
     0 | D:5      | spaghetti the Ogre Delver began the quest for the Orb.
     0 | D:5      | Reached XP level 1. HP: 24/24 MP: 1/1
    72 | D:5      | Noticed a hound
    84 | D:4      | Reached XP level 2. HP: 10/32 MP: 2/2
   366 | D:4      | Found a sand-covered staircase.
   536 | D:4      | Noticed Sigmund
   536 | D:4      | Noticed a bullfrog
   538 | D:4      | Killed a bullfrog
   539 | D:4      | Reached skill level 5 in Fighting
   539 | D:4      | Reached XP level 3. HP: 27/42 MP: 3/3
   539 | D:4      | Reached XP level 4. HP: 32/50 MP: 4/4
  1188 | D:3      | Noticed Robin
  1439 | D:3      | Killed Robin
  1449 | D:3      | Reached XP level 5. HP: 44/59 MP: 5/5
  1900 | D:3      | Noticed Natasha
  1916 | D:3      | Killed Natasha
  1917 | D:3      | Reached skill level 6 in Fighting
  2292 | D:4      | Killed Sigmund
  2293 | D:4      | Reached XP level 6. HP: 13/68 MP: 6/6
  2611 | D:4      | Noticed a black bear
  2614 | D:4      | Killed a black bear
  2615 | D:4      | Reached skill level 7 in Fighting
  2615 | D:4      | Reached XP level 7. HP: 78/78 MP: 7/7
  4265 | D:5      | HP: 1/79 [scorpion (7)]
  4266 | D:5      | Succumbed to a scorpion's poison

Illustrated notes

Levels and vault maps discovered:
D:2:      layout_rooms, basic_altar, kennysheep_cluttered_room,
          dk_noncrumbling_3, minmay_hexomino_f4
D:3:      layout_basic, kennysheep_boxes, uniq_natasha, uniq_robin
D:4:      layout_basic, lightli_ossuary_entry_decrepit_ruins, kennysheep_potato,
          uniq_sigmund
D:5:      layout_rooms, nicolae_hepliaklqana_ecumenical_no_more,
          hangedman_decor_push
D:6:      layout_basic

Skill      XL: |  1  2  3  4  5  6 |
---------------+-------------------+-----
Maces & Flails | 2 |  2.0
Dodging        | 2 3 |  3.6
Fighting       | 5 6 7 |  7.7
Throwing       | 2 3 4 |  4.4
Stealth        | |  3.8

Action                   |  1- 3 |  4- 6 |  7- 9 || total
-------------------------+-------+-------+-------++-------
Melee: Mace              |    14 |   102 |    58 ||   174
       Punch             |       |     1 |       ||     1
Throw: Large rock        |     2 |     9 |    13 ||    24
       Throwing net      |       |     2 |     3 ||     5
       Stone             |       |     3 |    21 ||    24
  Use: Scroll            |     1 |     2 |     1 ||     4
       Potion            |       |     3 |     1 ||     4
 Stab: Sleeping          |       |     5 |       ||     5
       Held in net/web   |       |       |     1 ||     1
Armor: Robe              |     9 |    36 |    14 ||    59
Dodge: Dodged            |    13 |    68 |    38 ||   119
